[Event "1000 GM Labor Day Super Swiss 2024"]
[Site "San Jose"]
[Date "2024.08.31"]
[Round "2.1"]
[White "Yoo, Christopher Woojin"]
[Black "Batchuluun, Tsegmed"]
[Result "1-0"]
[Annotator "TA"]
[ECO "C54"]
[WhiteElo "2616"]
[BlackElo "2458"]
[PlyCount "43"]
[EventDate "2024.08.30"]
[EventCountry "USA"]
[SourceTitle "playchess.com"]
[Source "ChessBase"]
[SourceQuality "1"]
[TimeControl "5400+30"]

1. e4 e5 2. Nf3 Nc6 3. Bc4 Bc5 4. c3 Nf6 5. d4 exd4 6. b4 {[%emt 0:00:04] [#]} (6. cxd4 $11 {remains equal.} Bb4+ 7. Bd2) 6... Bb6 $1 $17 7. e5 Ne4 8. Bd5 {[%emt 0:00:04] Black has an edge.} Nxc3 9. Nxc3 dxc3 10. O-O O-O (10... Nxb4 $2 11. Bg5 $18) (10... Ne7 {simplifies} 11. Bb3 d5 12. exd6 Qxd6 13. Qxd6 cxd6 14. Bf4 Be6) 11. Bg5 {[%emt 0:00:11] Prevents Qe7} Ne7 12. Bb3 h6 13. Qd3 $1 Qe8 $2 {[%emt 0:10:11] [#]} (13... hxg5 $2 14. Nxg5 $18) (13... d5 $11 {and Black has nothing to worry.} 14. Bc2 g6 (14... hxg5 15. Qh7#) (14... Bf5 15. Qxf5 Nxf5 16. Bxd8 $16)) 14. Rae1 $1 $18 Kh8 ({Stronger than} 14... hxg5 15. Nxg5 Bxf2+ 16. Rxf2) (14... c2 {was worth a try.} 15. Bxc2 Ng6) (14... a5 15. b5) 15. Bc1 $2 (15. h4 $18 {is the precise move to win.}) 15... d5 $16 {[%emt 0:08:28] And now ...a5 would win.} 16. exd6 cxd6 {[%emt 0:00:04][%cal Oc8e6] [#]} 17. Bxh6 $1 $40 {[%emt 0:03:21][%mdl 128] White mounts an attack. White has more active pieces.} gxh6 18. Qxd6 Be6 19. Bxe6 fxe6 (19... Ng6 $16 20. Bd7 Qd8) 20. Rxe6 $18 Rf7 21. Rxh6+ Rh7 $2 (21... Kg7 $18 22. Ng5 Qc6 (22... Rd8 $2 23. Rh7+ Kg8 24. Qh6 $18) 23. Nxf7 (23. Rh7+ Kg8 $11) 23... Qxd6 24. Rxd6 Kxf7) 22. Ng5 {[%emt 0:00:25] Weighted Error Value: White=0.25 (precise) /Black=0.71.  Loses game:     	---       	Black=1      Missed win:     	White=1     	---        Mistake:       	---       	Black=3      Inaccurate:     	White=1     	Black=1      OK:         	White=4     	Black=5      Best:        	White=4     	---        Strong:       	White=1     	Black=1} 1-0

[Event "1000 GM Labor Day Super Swiss 2024"]
[Site "San Jose"]
[Date "2024.08.31"]
[Round "2.2"]
[White "Macovei, Andrei"]
[Black "Quesada Perez, Yasser"]
[Result "0-1"]
[Annotator "TA"]
[ECO "C54"]
[WhiteElo "2466"]
[BlackElo "2581"]
[PlyCount "136"]
[EventDate "2024.08.30"]
[EventCountry "USA"]
[SourceTitle "playchess.com"]
[Source "ChessBase"]
[SourceQuality "1"]
[TimeControl "5400+30"]

1. e4 e5 2. Nf3 Nc6 3. Bc4 Bc5 4. c3 Nf6 5. d3 d6 6. O-O h6 7. Re1 O-O 8. h3 Bb6 {[%emt 0:02:00] C54: Giuoco Piano: 4 c3 Nf6, main lines with 5 d4 and 5 d3.} 9. Nbd2 Ne7 10. Bb3 {[%emt 0:11:21] 10.a4 gains popularity.} Ng6 11. d4 Be6 $5 {[%emt 0:12:01][%mdl 4] Leaves trodden paths.} 12. Bc2 c5 13. d5 Bd7 14. Nc4 Bc7 15. Ne3 $146 ({Predecessor:} 15. b4 b5 16. Ne3 c4 17. g4 Nf4 18. Kh2 g5 19. Nf5 Bxf5 20. gxf5 N6h5 21. Rg1 {0-1 Karatiken,B (1380)-Can,I (1864) TUR-ch (Women) 2022 (9)}) 15... b5 16. Nh2 c4 17. Nhg4 Nf4 18. a4 h5 19. Nxf6+ Qxf6 20. axb5 Bb6 21. Nf5 g6 22. Bxf4 exf4 23. Nd4 Kg7 24. Qf3 Rfe8 25. Rad1 Re5 26. Qe2 Rg5 27. Kh1 Bg4 28. Nf3 (28. hxg4 $2 {loses.} hxg4 29. Kg1 $19) 28... Bxf3 29. Qxf3 Rb8 30. Rf1 Bc5 31. Ba4 Re5 32. Rde1 Qh4 33. Kh2 a6 34. bxa6 Rxb2 35. Re2 Rb6 36. a7 Ra6 37. Bb5 Rxa7 38. Bxc4 Ra3 39. Ra2 Rxa2 40. Bxa2 Re7 41. Bb1 Rb7 42. g3 fxg3+ 43. Qxg3 {[%emt 0:00:01] [#]} (43. fxg3 $15 Qe7 44. Bd3) 43... Qf6 $1 $17 44. Kg2 Rb3 45. Qf3 Qg5+ 46. Kh1 Qd2 47. Qd3 (47. Rd1 $17 Qxf2 (47... Qxc3 48. Qxc3+ Rxc3 49. Kg2 $17) (47... Rxc3 48. Rxd2 Rxf3 49. Kg2 $17) 48. Qxf2 Bxf2 49. c4) 47... Qb2 $19 48. Qc2 Qxc2 ({But not} 48... Qxc3 49. Qxc3+ Rxc3 50. Kg2 $17) 49. Bxc2 Rxc3 50. Bd1 Rxh3+ 51. Kg2 Ra3 52. f4 Kh6 53. Bf3 (53. e5 {was worth a try.}) 53... f6 54. Rh1 (54. e5 $142) 54... Ra2+ $19 55. Kg3 Bf2+ 56. Kg2 Bh4+ 57. Kh3 g5 58. fxg5+ fxg5 59. e5 dxe5 60. Rc1 Ra3 61. Rc6+ Kg7 62. Kg2 g4 63. Be4 Ra2+ 64. Kh1 Bf6 65. d6 (65. Bc2 $142 Ra5 66. d6) 65... Rd2 $19 66. Rc7+ Kh6 67. d7 h4 68. Bc6 h3 0-1

[Event "1000 GM Labor Day Super Swiss 2024"]
[Site "San Jose"]
[Date "2024.08.31"]
[Round "2.3"]
[White "Corrales Jimenez, Fidel"]
[Black "Sathish, Pranav"]
[Result "1/2-1/2"]
[Annotator "TA"]
[ECO "C45"]
[WhiteElo "2564"]
[BlackElo "2337"]
[PlyCount "40"]
[EventDate "2024.08.30"]
[EventCountry "USA"]
[SourceTitle "playchess.com"]
[Source "ChessBase"]
[SourceQuality "1"]
[TimeControl "5400+30"]

1. e4 e5 2. Nf3 Nc6 3. d4 exd4 4. Nxd4 Qf6 5. Nb3 Qg6 6. f3 Nf6 7. Bf4 Bb4+ 8. c3 (8. Kf2 $1 $14 {is superior.}) 8... Be7 $11 9. Bxc7 O-O $1 {[%emt 0:00:36][%cal Od7d6,Bh8f8,Bf8d8,Bd8d5][%mdl 32] White must now prevent ...d6!} 10. Bg3 {[%emt 0:01:22] [#]} d5 $1 11. exd5 Rd8 $1 12. Bd3 Bf5 13. Bxf5 Qxf5 14. N1d2 Rxd5 15. O-O Rad8 16. Qe2 (16. Qe1 $11) 16... Qc2 $15 17. Rfc1 Qxb2 18. Rab1 Qxa2 (18... Qa3 $1 $15 {is more appropriate.}) 19. Ra1 $11 Qb2 20. Rab1 Qa2 {[%emt 0:00:05] Weighted Error Value: White=0.10 (very precise) /Black=0.11 (very precise) .  Mistake:       	White=2     	Black=1      Inaccurate:     	White=1     	Black=2      OK:         	White=8     	Black=5      Best:        	White=3     	Black=1      Strong:       	---       	Black=2} 1/2-1/2

[Event "1000 GM Labor Day Super Swiss 2024"]
[Site "San Jose"]
[Date "2024.08.31"]
[Round "2.4"]
[White "Hevia Alejano, Carlos Antonio"]
[Black "Harsha Bharathakoti"]
[Result "1/2-1/2"]
[Annotator "TA"]
[ECO "D02"]
[WhiteElo "2414"]
[BlackElo "2550"]
[PlyCount "110"]
[EventDate "2024.08.30"]
[EventCountry "USA"]
[SourceTitle "playchess.com"]
[Source "ChessBase"]
[SourceQuality "1"]
[TimeControl "5400+30"]

1. d4 Nf6 2. Nf3 d5 3. Bf4 e6 4. e3 Bd6 5. Nbd2 O-O 6. Bd3 c5 7. dxc5 Bxc5 8. O-O Nc6 9. c4 b6 10. a3 Bb7 11. Qe2 {[%emt 0:04:12] The position is equal.} h6 12. Rfd1 Nh5 13. Nb3 Nxf4 14. exf4 Qf6 15. cxd5 exd5 16. Rac1 Bd6 17. g3 Rfe8 18. Qd2 d4 19. Bb5 Rac8 20. Nfxd4 Nxd4 21. Qxd4 Rxc1 22. Rxc1 Qxd4 23. Nxd4 Rd8 24. Bc6 Bc5 25. Bxb7 Bxd4 $14 {[%emt 0:00:10][%mdl 4096] Endgame. KRB-KRB} 26. Rc2 a5 27. b4 axb4 28. axb4 Rd7 29. Rc8+ Kh7 30. Be4+ g6 31. f5 Re7 32. fxg6+ fxg6 33. Bd3 Rf7 34. Rc2 Rf3 35. Be4 Rc3 36. Ra2 Kg7 37. Bd5 Kf6 38. Kg2 g5 39. Rd2 Be5 40. Bg8 Rc8 41. Ba2 Ra8 42. Bb3 Ra3 43. Rd3 g4 44. f3 gxf3+ 45. Kxf3 ({Don't play} 45. Rxf3+ Kg7 $11) 45... Ke7 46. Kg4 Bb2 47. Re3+ (47. Kh5 $16) 47... Kd8 (47... Kd7 $14) 48. Kf5 (48. Kh5 $142) 48... Ra7 49. Re6 Rf7+ 50. Kg6 Rf2 51. Rxb6 ({Much worse is} 51. Kxh6 Rxh2+ 52. Kg5 Bc1+ 53. Kf5 Rh5+ 54. Ke4 Rb5 $11) 51... Rxh2 {[%emt 0:00:03] [#]} 52. Be6 {[%emt 0:00:55] Dodges Rh3} (52. g4 $1 $16) 52... Kc7 {[%emt 0:01:24] Against Rc6+} 53. Rb5 Re2 54. Bf5 Re5 {[%emt 0:00:08] Prevents g4.} 55. Rxe5 Bxe5 {[%emt 0:00:04] Weighted Error Value: White=0.09 (flawless) /Black=0.08 (flawless) .  Mistake:       	White=3     	Black=1      Inaccurate:     	White=1     	Black=1      OK:         	White=19    	Black=20     Best:        	---       	Black=4} 1/2-1/2

[Event "1000 GM Labor Day Super Swiss 2024"]
[Site "San Jose"]
[Date "2024.08.31"]
[Round "2.5"]
[White "Sivakumar, Shaaketh"]
[Black "Koustav Chatterjee"]
[Result "1/2-1/2"]
[Annotator "TA"]
[ECO "C54"]
[WhiteElo "2307"]
[BlackElo "2524"]
[PlyCount "44"]
[EventDate "2024.08.30"]
[EventCountry "USA"]
[SourceTitle "playchess.com"]
[Source "ChessBase"]
[SourceQuality "1"]
[TimeControl "5400+30"]

1. e4 e5 2. Nf3 Nc6 3. Bc4 Bc5 4. d3 Nf6 5. c3 d6 6. O-O a5 7. h3 h6 8. Nbd2 O-O 9. Re1 Be6 10. b3 Ba7 11. Bb2 Bxc4 12. bxc4 a4 13. Nf1 Nd7 14. Ng3 Ne7 15. Nh4 Kh7 16. Bc1 Nc5 17. Be3 ({Better is} 17. d4 $16 Ne6 18. Nf3 (18. Qxa4 Bxd4 19. Qc2 Bc5 $17)) 17... Ne6 $11 {The position is equal.} 18. Rb1 Bxe3 19. fxe3 b6 20. Rf1 Ng8 21. Nf3 Ng5 22. Qe2 g6 {[%emt 0:11:00] Weighted Error Value: White=0.12 (very precise) /Black=0.09 (flawless) .  Mistake:       	White=1     	---        Inaccurate:     	---       	Black=2      OK:         	White=5     	Black=5} 1/2-1/2

[Event "1000 GM Labor Day Super Swiss 2024"]
[Site "San Jose"]
[Date "2024.08.31"]
[Round "2.6"]
[White "Cordova, Emilio"]
[Black "Yim, Sung Ho"]
[Result "1-0"]
[Annotator "TA"]
[ECO "D02"]
[WhiteElo "2519"]
[BlackElo "2291"]
[PlyCount "65"]
[EventDate "2024.08.30"]
[EventCountry "USA"]
[SourceTitle "playchess.com"]
[Source "ChessBase"]
[SourceQuality "1"]
[TimeControl "5400+30"]

1. Nf3 d5 2. g3 g6 3. Bg2 Bg7 4. d4 c6 5. O-O Nf6 6. a4 O-O 7. a5 Bf5 8. Nbd2 {[%emt 0:03:40][%cal Bb1d2,Bd2f1,Bf1e3][%mdl 32] The position is equal.} Na6 9. c3 Qc8 10. Qb3 c5 11. Re1 Rd8 12. Nf1 Ne4 13. Bf4 Nb8 14. Ne3 Be6 15. Qa3 f6 {[%emt 0:13:47] [#]} 16. c4 $1 $36 {[%emt 0:09:35][%mdl 2048] White has good play.} dxc4 17. d5 Bf7 18. Rac1 e5 ({Black should try} 18... Na6 $11) 19. dxe6 $14 (19. Rxc4 $2 exf4 20. gxf4 Re8 $19 (20... Bxd5 21. Nxd5 Rxd5 22. Rxe4 $16) (20... Bxd5 21. Nxd5 Rxd5 22. Rxe4 $16)) 19... Qxe6 20. Rxc4 Nc6 {[%emt 0:00:38] [#]} 21. Rxe4 Qxe4 {[%emt 0:00:06] [#]} 22. Ne5 $1 Qb4 23. Qxb4 Nxb4 (23... cxb4 $2 {too greedy.} 24. Nxf7 Kxf7 25. a6 bxa6 26. Bxc6 $18) 24. Nxf7 Kxf7 25. Bxb7 Rab8 {[%emt 0:02:30] Black is weak on the light squares} 26. a6 (26. Bxb8 {simplifies} Rxb8 27. Bf3 f5 28. Rc1) 26... Bf8 27. Nc4 (27. Bxb8 $142 Rxb8 28. Nc4) 27... Be7 $2 {[%emt 0:02:47] Loses the game.} 28. Bxb8 $18 Rxb8 29. Na3 Bd8 30. Rd1 Ke6 $2 (30... Ke7 {might work better.} 31. Nb5 Bb6) 31. Nb5 {[%emt 0:00:29] White is clearly winning.} Bb6 32. Rd6+ Ke7 {[%emt 0:00:12] [#]} 33. Rxb6 $1 {[%emt 0:00:14][%mdl 512] Weighted Error Value: White=0.07 (flawless) /Black=0.36.  Loses game:     	---       	Black=1      Mistake:       	White=1     	Black=3      Inaccurate:     	White=2     	Black=1      OK:         	White=10    	Black=12     Best:        	White=5     	Black=1      Brilliant:      	White=2     	---} 1-0

[Event "1000 GM Labor Day Super Swiss 2024"]
[Site "San Jose"]
[Date "2024.08.31"]
[Round "2.7"]
[White "Garcia Guerrero, Isaac Antonio"]
[Black "Schitco, Ivan"]
[Result "1/2-1/2"]
[Annotator "TA"]
[ECO "E60"]
[WhiteElo "2291"]
[BlackElo "2518"]
[PlyCount "107"]
[EventDate "2024.08.30"]
[EventCountry "USA"]
[SourceTitle "playchess.com"]
[Source "ChessBase"]
[SourceQuality "1"]
[TimeControl "5400+30"]

1. Nf3 Nf6 2. b3 d6 3. d4 g6 4. Bb2 Bg7 5. e3 O-O 6. Be2 Nbd7 7. c4 Re8 8. O-O e5 9. dxe5 Ng4 10. h3 Ngxe5 11. Nc3 Nxf3+ 12. Bxf3 a5 13. Qd2 Nc5 14. Rad1 Be5 15. Nb5 Qe7 16. Bc3 Ne6 17. Bg4 ({Don't play} 17. Bxa5 c6 18. Nd4 (18. Nxd6 $2 Qxd6 19. Qxd6 Bxd6 $19) 18... Ng5 $15) 17... a4 18. Bxe6 Bxe6 19. Qb2 axb3 20. axb3 f6 21. Nd4 Bd7 22. f4 Bxd4 23. Bxd4 Kf7 {[%emt 0:03:53] [#]} 24. f5 $1 g5 (24... gxf5 25. Rde1) 25. b4 (25. e4 {keeps more tension.} Qxe4 26. Bxf6 g4 27. Bh4) 25... Bc6 26. c5 dxc5 27. Bxc5 Qe4 28. Rf2 {[%emt 0:01:59] Hoping for Qb3+. Chess con chili.} Red8 29. Rd4 {[%emt 0:01:12] White is weak on the light squares} ({White should try} 29. Bd4 $14) 29... Rxd4 (29... Qxe3 $2 {is the wrong capture.} 30. Rxd8 Qe1+ 31. Rf1 $18) (29... Qe5 {simplifies} 30. Rxd8 Qxb2 31. Rxb2 Rxd8 32. Bd4 h5) 30. Bxd4 Bd5 31. Qc2 (31. Qc3 {feels hotter.} Qe7 32. h4 h6 33. e4) 31... Qxc2 (31... c6 {seems wilder.} 32. Qd1 Rf8 33. Qh5+ Kg8) 32. Rxc2 $11 {[%emt 0:00:02][%mdl 4096] Endgame. KRB-KRB} c6 33. b5 Be4 $15 ({But not} 33... cxb5 $6 34. Rc7+ Kg8 35. Bxf6 $11) 34. Rb2 h5 35. bxc6 {[%emt 0:02:52] The position is equal.} Bxc6 36. Kf2 h4 37. g4 Ra4 38. Rd2 Rc4 39. Bb2 b5 40. Ke1 Ke7 41. Bd4 Rc1+ 42. Kf2 $1 Rh1 43. Bxf6+ Kxf6 $11 {[%emt 0:00:01] KRB-KR} 44. Rd6+ Ke5 {[%emt 0:00:03] [#] ( -> ...Rh2+)} 45. Rxc6 {[%emt 0:00:06] KR-KR} Rh2+ 46. Kf3 {[%emt 0:00:50] Strongly threatening f6.} Rxh3+ 47. Ke2 Ke4 48. Re6+ Kd5 49. e4+ (49. Re8 $5 Rh2+ $8 50. Kf3 $11) 49... Kd4 {[%emt 0:00:01] Threatens to win with ...Rg3.} 50. f6 {[%emt 0:00:24] f7 is the strong threat.} Rh2+ 51. Kf3 {[%emt 0:00:29] Intending f7 and mate.} Rh3+ 52. Kf2 {[%emt 0:01:29] White wants to mate with f7.} Rh2+ 53. Kf3 {[%emt 0:00:54] And now f7 would win.} Rh3+ 54. Kf2 {[%emt 0:00:23] Weighted Error Value: White=0.09 (flawless) /Black=0.09 (flawless) .  Mistake:       	White=2     	---        Inaccurate:     	White=1     	Black=5      OK:         	White=14    	Black=20     Best:        	White=2     	Black=2      Strong:       	White=1     	---} 1/2-1/2

[Event "1000 GM Labor Day Super Swiss 2024"]
[Site "San Jose"]
[Date "2024.08.31"]
[Round "2.8"]
[White "Delgado Ramirez, Neuris"]
[Black "Angeles Mercado, Anthony R"]
[Result "1-0"]
[Annotator "TA"]
[ECO "B51"]
[WhiteElo "2485"]
[BlackElo "2083"]
[PlyCount "77"]
[EventDate "2024.08.30"]
[EventCountry "USA"]
[SourceTitle "playchess.com"]
[Source "ChessBase"]
[SourceQuality "1"]
[TimeControl "5400+30"]

1. e4 c5 2. Nf3 Nc6 3. Bb5 d6 4. O-O Bd7 5. Re1 Nf6 6. c4 g6 7. Bxc6 Bxc6 8. Nc3 {[%emt 0:00:47] The position is equal.} Bg7 9. d4 cxd4 10. Nxd4 O-O 11. b3 Qa5 12. Bb2 Rfc8 (12... e6 $11 {might be stronger.}) 13. Rb1 a6 14. a4 Nd7 15. Nd5 Qd8 16. Qd2 a5 (16... e5 {simplifies} 17. Nxc6 bxc6 18. Nc3 Nc5) 17. Nc2 Nc5 18. Bxg7 Kxg7 19. f4 e6 20. Nc3 {[%emt 0:02:54] Excellent horsemanship.} (20. Qd4+ $5 f6 21. e5 $14 (21. Nc3 e5 $11)) 20... Qf6 {[%emt 0:01:59] Inhibits Qd4.} 21. Qe3 (21. Qxd6 $2 Qxc3 22. Qxc5 Qxc2 $19) 21... e5 22. Rf1 exf4 23. Rxf4 Qe5 24. Rbf1 Rc7 25. Nd4 Re8 26. Ncb5 (26. Nf3 $5 Qe7 $8 27. Nd2 $11) 26... Bxb5 27. Nxb5 Rce7 28. Nc3 f5 29. Nd5 (29. Rd1 $11) 29... Rf7 $15 30. g4 Nxe4 31. gxf5 gxf5 32. Kh1 Kh8 33. Qh3 $2 {[%emt 0:02:13][%mdl 8192] [#]} ({White should try} 33. Qe1 $15) 33... Ref8 $2 (33... Rg8 $1 $19 {...Rfg7 is the strong threat.} 34. Rxf5 Qe6) 34. Qh4 $17 Rg8 {[%emt 0:03:09] Hoping for ...Rfg7.} 35. Qe1 (35. Rxe4 fxe4 36. Nf6 e3 37. Nxg8 Rxf1+ 38. Kg2 e2 (38... Rf2+ 39. Qxf2 exf2 40. Kxf2 Qxh2+ 41. Ke3 Kxg8 42. c5 Qe5+ 43. Kd3 dxc5 44. Kd2 Qe4 45. Kc1 Qe2 46. Kb1 Qd2 47. Ka1 Qc2 48. b4 axb4 49. a5 b3 50. a6 Qc1#) 39. Nh6 e1=Q (39... e1=R 40. Qd8+ Kg7 41. Qd7+ Kxh6 42. Qh3+ Kg5 43. Qg3+ Qxg3+ 44. Kxg3 Re3+ 45. Kg2 Ref3 46. c5 Kh4 47. cxd6 R3f2#) 40. Qd8+ Kg7 41. Qd7+ Kxh6 42. Qh3+ Kg5) 35... Qb2 (35... Rff8 $17 36. R4f3 Rg5) 36. Ne3 {[%emt 0:04:16] Rxe4 would now be deadly.} Rfg7 {[%emt 0:02:49][%cal Og7g2] And now ...Rg2! would win.} (36... Qxb3 $2 {is the wrong capture.} 37. Rxe4 (37. Rxf5 Rfg7 $15) (37. Nxf5 d5 $18) 37... Rfg7 38. Qa1 $18 (38. Rxf5 $2 Rg1+ 39. Qxg1 Rxg1+ 40. Kxg1 Qb1+ 41. Kf2 Qxe4 $19)) (36... Nd2 $2 37. R4f2 $18) 37. Qa1 Qe2 (37... Qxb3 $2 {loses.} 38. Nxf5 Qh3 39. Rg1 $18 (39. Rxe4 $2 Qg2#)) (37... Qxa1 $17 38. Rxa1 Ng3+ 39. hxg3 Rxg3) 38. Qd4 $1 $11 (38. Nxf5 $2 Qg2#) 38... Nd2 $2 {[%emt 0:01:20][%mdl 8192] [#]} (38... Nc5 $11 39. R4f2 (39. Rxf5 Nxb3 40. Qc3 Nc5 $11) (39. Nxf5 $2 Qg2#) 39... Qd3 40. Nxf5 Qxd4 41. Nxd4 Re7) 39. R4f2 {[%emt 0:01:13] Weighted Error Value: White=0.29 (precise) /Black=0.43.  Loses game:     	White=1     	Black=1      Missed win:     	---       	Black=1      Mistake:       	White=1     	Black=3      Inaccurate:     	White=5     	Black=4      OK:         	White=9     	Black=14     Best:        	White=1     	---        Strong:       	White=1     	---} 1-0

[Event "1000 GM Labor Day Super Swiss 2024"]
[Site "San Jose"]
[Date "2024.08.31"]
[Round "2.9"]
[White "Ubaldo Suarez, Maria Gisela"]
[Black "Sheng, Joshua"]
[Result "0-1"]
[Annotator "TA"]
[ECO "E94"]
[WhiteElo "1958"]
[BlackElo "2474"]
[PlyCount "82"]
[EventDate "2024.08.30"]
[EventCountry "USA"]
[SourceTitle "playchess.com"]
[Source "ChessBase"]
[SourceQuality "1"]
[TimeControl "5400+30"]

1. d4 Nf6 2. Nf3 g6 3. c4 Bg7 4. Nc3 O-O 5. e4 d6 6. Be2 e5 7. O-O Bg4 8. Bg5 Bxf3 9. Bxf3 exd4 10. Qxd4 {[%emt 0:00:49] Hoping for e5. The position is equal.} h6 11. Bh4 {[%emt 0:05:34] aiming for e5.} Nc6 12. Qd1 Re8 13. Re1 Qd7 14. Rc1 h5 15. Nd5 (15. Qd2 $14) 15... Nh7 {[%emt 0:03:23][%cal Og6g5] And now ...g5! would win.} 16. Qd2 Nd4 17. Bd1 f5 18. f3 ({But not} 18. exf5 Rxe1+ 19. Qxe1 Nxf5 $17) (18. Nc3 $142) 18... fxe4 $1 $11 19. fxe4 c6 20. Nc3 Nf8 21. Bf2 Nfe6 22. Ne2 Nxe2+ 23. Bxe2 Be5 24. Be3 Qg7 25. b3 Bd4 26. Red1 c5 27. Kh1 Bxe3 28. Qxe3 Nd4 29. Bd3 Re6 30. Qg5 Qe5 31. Qh6 Rf8 32. Rf1 {[%emt 0:00:18] Wards off Rf2} Ref6 {[%emt 0:00:38] Active counter play!} 33. Rxf6 Rxf6 34. Rb1 Nc6 35. Rd1 Qd4 36. h3 {[%emt 0:00:54] White is weak on the dark squares} Ne5 37. Bc2 {[%emt 0:01:25][%mdl 8192] [#] This move loses the game for White.} (37. Qd2 $17 {is more resistant.}) 37... Qc3 $1 $19 {[%emt 0:00:50][%cal Oc3g3] Threatens to win with ...Qg3!} 38. Bb1 (38. Qg5 $142 Qxc2 39. Qxf6 Qxd1+ 40. Kh2) 38... Qg3 {[%emt 0:00:24][%cal Oe5f3] ( -> ...Nf3!)} 39. Qd2 Rf2 40. Qd5+ Kh8 (40... Kh7 $142 41. Rg1 Ng4 42. Qxd6 Qxd6 43. e5 Qxe5 (43... Nxe5 $2 44. Be4 $19) 44. hxg4 Qg3 45. Bxg6+ Kg7 46. gxh5 Qh4#) 41. Rg1 {[%emt 0:00:34] [#]} Nf3 $1 {[%emt 0:00:47][%mdl 512] Weighted Error Value: White=0.65/Black=0.21 (precise) .  Loses game:     	White=1     	---        Mistake:       	White=3     	---        Inaccurate:     	White=1     	Black=2      OK:         	White=6     	Black=14     Best:        	White=2     	Black=4      Strong:       	---       	Black=2} 0-1

[Event "1000 GM Labor Day Super Swiss 2024"]
[Site "San Jose"]
[Date "2024.08.31"]
[Round "2.10"]
[White "Mikaelyan, Arman"]
[Black "Karthi, Jashith"]
[Result "1-0"]
[Annotator "TA"]
[ECO "B40"]
[WhiteElo "2529"]
[BlackElo "2066"]
[PlyCount "68"]
[EventDate "2024.08.30"]
[EventCountry "USA"]
[SourceTitle "playchess.com"]
[Source "ChessBase"]
[SourceQuality "1"]
[TimeControl "5400+30"]

1. e4 c5 2. Nf3 e6 3. c3 d5 4. exd5 Qxd5 5. Na3 a6 6. Nc4 Nd7 {[%emt 0:02:00] Prevents Nb6.} 7. a4 Ngf6 8. a5 {[%emt 0:00:23] White is slightly better.} Be7 9. Be2 O-O 10. O-O Qc6 11. d4 Rd8 (11... Qc7 $14) 12. Bf4 $16 {[%emt 0:03:24] Black is now going downhill.} Nd5 13. Bg3 b5 (13... h6 $16) 14. axb6 $18 N7xb6 $2 (14... Bf6 15. Qb3 Bb7) 15. Nfe5 Qb5 16. Ra5 Nxc4 17. Rxb5 axb5 18. Bxc4 bxc4 19. Qf3 (19. Nxc4 Ba6 20. Qe2 Rac8 $11) 19... Rf8 20. Nc6 {[%emt 0:02:40] [#] Black must now prevent Nxe7+.} (20. Nxc4 $6 Ba6 $16) 20... Ra2 $2 (20... Bf6 21. dxc5 Ra2) 21. Nxe7+ Nxe7 22. Bd6 (22. dxc5 Re8 23. c6 Rxb2 $18) 22... Re8 23. Bxe7 (23. dxc5 Nd5 24. Qg4 Rxb2 25. Qxc4 Rd8 $18) 23... Rxe7 24. Qc6 Bb7 25. Qd6 Re8 {[%emt 0:00:33] Inhibits Qd8.} 26. Qd7 (26. dxc5 Bd5 27. h4 Rc8 $14) ({Less strong is} 26. Qxc5 Rxb2 27. Qxc4 Rc8 $16) 26... Rb8 27. dxc5 Bd5 28. c6 {[%emt 0:00:13] [#] c7 is the strong threat.} Raa8 29. c7 {[%emt 0:00:20] Wards off Rd8} Rc8 30. f4 Re8 31. f5 Rac8 32. f6 g6 33. Ra1 Ba8 34. Ra5 (34. Ra6 $142 h5 35. Rd6 (35. Rxe6 Rf8 $18) 35... Bb7 36. Rb6 Ba8 37. Qxe8+ (37. Rxe6 Rf8 $18) 37... Rxe8 38. Rb8 Kh7 39. Rxe8) 34... e5 {[%emt 0:00:09] Weighted Error Value: White=0.06 (flawless) /Black=0.64.  Mistake:       	---       	Black=4      Inaccurate:     	---       	Black=1      OK:         	White=14    	Black=8      Best:        	White=5     	---} 1-0